 Dungeon Crawl Stone Soup version 0.22-a0-166-g5351223 (webtiles) character file.

3261 Gorglomux the Chopper (level 9, -3/79 HPs)
             Began as a Minotaur Earth Elementalist on Feb 13, 2018.
             Was a Believer of Ru.
             Slain by a two-headed ogre
             ... wielding a +0 giant club
              (11 damage)
             ... on level 7 of the Dungeon.
             The game lasted 00:18:34 (8451 turns).

Gorglomux the Chopper (Minotaur Earth Elementalist) Turns: 8451, Time: 00:18:35

Health: -3/79      AC:  6    Str: 18    XL:     9   Next: 68%
Magic:  11/11      EV: 13    Int: 10    God:    Ru [**....]
Gold:   52         SH:  0    Dex:  7    Spells: 9/10 levels left

rFire    . . .     SeeInvis +   S - +1 spear (venom)
rCold    . . .     Gourm    .   (no shield)
rNeg     . . .     Faith    .   z - +0 ring mail
rPois    .         Spirit   .   (helmet restricted)
rElec    .         Reflect  .   (no cloak)
rCorr    .         Harm     .   (no gloves)
MR       .....                  (no boots)
Stlth    +.........             (no amulet)
HPRegen  0.23/turn              J - ring "Gukhikka" {Str+5 Int-2 Dex-5 Slay+5 SInv}
MPRegen  0.12/turn              (no ring)

@: no scrolls
A: retaliatory headbutt, horns 2, weak 1, inability to read while threatened
a: Renounce Religion


You were on level 7 of the Dungeon.
You worshipped Ru.
Ru was pleased with you.
You were not hungry.

You visited 1 branch of the dungeon, and saw 7 of its levels.
You also visited: Ossuary.

You collected 450 gold pieces.
You spent 398 gold pieces at shops.

Inventory:

Hand Weapons
 i - a +0 dagger
 o - a +0 vampiric hand axe
 O - a +3 whip of electrocution
 S - a +1 spear of venom (weapon)
Missiles
 b - 246 stones
 F - 6 javelins (quivered)
 Z - 3 throwing nets
Armour
 z - a +0 ring mail (worn)
Jewellery
 y - an uncursed ring of resist corrosion {unknown}
 J - the ring "Gukhikka" (left hand) {Str+5 Int-2 Dex-5 Slay+5 SInv}
   (You took it off an orc on level 6 of the Dungeon)

   [ring of strength]

   It affects your strength (+5).
   It affects your intelligence (-2).
   It affects your dexterity (-5).
   It affects your accuracy and damage with ranged weapons and melee attacks
   (+5).
   It lets you see invisible.
Wands
 D - a wand of digging (18)
 L - a wand of flame (37)
 P - a wand of paralysis (5)
Scrolls
 f - 6 scrolls of amnesia
 B - 4 scrolls of blinking
 M - 2 scrolls of magic mapping
 Q - a scroll of enchant weapon
 R - 6 scrolls of identify
 T - 4 scrolls of teleportation
 U - 3 scrolls of immolation
 V - a scroll of enchant armour {unknown}
 X - 9 scrolls of remove curse
Potions
 g - a potion of resistance
 k - 10 potions of curing
 n - a potion of brilliance
 C - a potion of magic {unknown}
 E - 4 potions of lignification
 G - a potion of agility {unknown}
 H - 4 potions of flight
 I - 2 potions of heal wounds
 N - a potion of mutation {unknown}
 W - a potion of haste {unknown}
 Y - 2 potions of ambrosia
Books
 e - a book of Geomancy

   Spells                             Type                      Level
   a - Sandblast                      Earth                        1
   b - Passwall                       Transmutation/Earth          2
   c - Stone Arrow                    Conjuration/Earth            3
   d - Petrify                        Transmutation/Earth          4
   e - Lee's Rapid Deconstruction     Earth                        5
 K - a book of Cantrips

   Spells                             Type                      Level
   a - Confusing Touch                Hexes                        1
   b - Animate Skeleton               Necromancy                   1
   c - Summon Small Mammal            Summoning                    1
   d - Apportation                    Translocation                1
Comestibles
 d - 17 rations


   Skills:
 + Level 7.2 Fighting
 - Level 7.6 Axes
 + Level 7.2 Armour
 + Level 7.0 Dodging
 - Level 1.5 Stealth
 - Level 1.3 Spellcasting
   Level 0.7 Transmutations
 - Level 2.4 Earth Magic
 - Level 5.0 Evocations


You had 9 spell levels left.
You knew the following spells:

 Your Spells              Type           Power        Failure   Level  Hunger
a - Sandblast             Erth           #.....       21%         1    ##.....


Dungeon Overview and Level Annotations

Branches:
Dungeon (7/15)             Temple (0/1) D:4

Altars:
Dithmenos
Nemelex Xobeh
Okawaru
Ru
Trog
Uskayaw
Wu Jian
Yredelemnul

Shops:
D:4 *   D:7 ?

Annotations:
D:2 Sigmund


Innate Abilities, Weirdness & Mutations

You reflexively headbutt those who attack you in melee.
You have a pair of horns on your head.
You are weak. (Str -2)
You cannot read scrolls while threatened.


Message History

Aim: a two-headed ogre, wielding a giant club and an enchanted dire flail (heavily wounded, poisoned)
You skewer the two-headed ogre like a kebab!
The two-headed ogre is heavily wounded!
The two-headed ogre hits you with a giant club!
The butt-headed ogre closely misses you!
The two-headed ogre hits you with a giant butt!!!!!! * * * don't die
* * * The two-headed ogre hits you with an enchanted dire flail! * * * don't die
* * * The two-headed ogre looks more healthy!
You can read scrolls again!
There is a stone staircase leading up here!
You see here a dagger!
Things that are here:
a dagger x2; a kobold corpse The two-headed ogre hits you with a giant club!!!
You feel threatened and lose the ability to read scrolls!!! * * * don't die
* * * The two-headed butt hits butt with an enchanted dire flail!!! rip

#.#'#.#.#####.#.....#####.#
#
#.....#.......#.....#.....#
#
#.....######..#.....#(#####
# #.....# #..#..#...^# #
#.....# #..#..###### #
#.....# #..##.#### #######
#........# ##.#####.#
#.@O..# # #####.# ## #.# #.
#.# #. #.# .. #.#########
#. #....).)..# #########.#
#.#


You could see a two-headed ogre.

Vanquished Creatures
  A two-headed ogre (D:7)
  The ghost of varam the Ruffian, an amateur TrMo of Okawaru (D:5)
  Prince Ribbit (D:7)
  Grinder (D:4)
  A hippogriff (D:7)
  Eustachio (D:5)
  A water moccasin (D:6)
  Duvessa (D:5)
  2 ogres
  2 centaurs (D:5)
  2 big kobolds (D:7)
  A bullfrog (D:7)
  Dowan (D:5)
  2 scorpions
  A howler monkey (D:6)
  A quasit (D:5)
  2 orc priests
  2 hounds
  An orc wizard (D:6)
  3 iguanas
  A human zombie (Ossuary)
  Jessica (D:3)
  A bullfrog skeleton (D:4)
  Ijyb (D:5)
  4 worker ants
  A killer bee zombie (D:7)
  A big kobold zombie (Ossuary)
  3 mummies (Ossuary)
  Robin (D:2)
  4 gnolls (D:4)
  A worker ant zombie (D:7)
  3 adders (D:2)
  3 shadow imps
  An adder skeleton (D:3)
  4 worms
  A dart slug (D:1)
  3 leopard geckos
  7 orcs
  3 giant cockroaches
  13 goblins
  11 hobgoblins
  3 jackals
  16 kobolds
  A quokka (D:3)
  A ball python (D:2)
  3 bats
  4 frilled lizards
  3 hobgoblin zombies (Ossuary)
  2 kobold zombies (Ossuary)
  A leopard gecko skeleton (D:4)
  An orc zombie (Ossuary)
  A quokka skeleton (D:4)
  6 rats
138 creatures vanquished.

Notes
Turn   | Place    | Note
-------+----------+-------------------------------------------
     0 | D:1      | Gorglomux the Minotaur Earth Elementalist began the quest for the Orb.
     0 | D:1      | Reached XP level 1. HP: 14/14 MP: 1/1
   444 | D:1      | Reached skill level 1 in Armour
   504 | D:1      | You fall through a shaft!
   504 | D:2      | Found a hide-covered altar of Uskayaw.
   506 | D:2      | Noticed a dagger
   506 | D:2      | Noticed a dagger
   515 | D:2      | Reached skill level 1 in Fighting
   515 | D:2      | Reached XP level 2. HP: 17/23 MP: 0/3
  1098 | D:2      | Reached skill level 1 in Axes
  1403 | D:2      | Reached XP level 3. HP: 26/28 MP: 4/4
  1578 | D:2      | Reached skill level 3 in Axes
  1611 | D:2      | Noticed Robin
  1625 | D:2      | Reached XP level 4. HP: 24/35 MP: 1/5
  1633 | D:2      | Killed Robin
  1817 | D:2      | Noticed Sigmund
  2274 | D:3      | You fall through a shaft for 3 floors!
  2340 | D:5      | Entered Level 5 of the Dungeon
  2343 | D:5      | Noticed a centaur
  2540 | D:6      | Reached XP level 5. HP: 31/40 MP: 1/6
  2673 | D:5      | Found an ornate altar of the Wu Jian Council.
  2676 | D:5      | Noticed Ijyb
  2714 | D:5      | Killed Ijyb
  2764 | D:5      | Noticed Eustachio
  2795 | D:4      | Found a sparkling altar of Nemelex Xobeh.
  2795 | D:4      | Found a faded altar of an unknown god.
  2886 | D:4      | Found a bloodstained altar of Trog.
  2888 | D:4      | Found a sacrificial altar of Ru.
  2889 | D:4      | Found a basalt altar of Yredelemnul.
  2931 | D:4      | Became a worshipper of Ru the Awakened
  3092 | D:4      | Noticed an ogre
  3098 | D:4      | Killed an ogre
  3098 | D:4      | Reached skill level 6 in Axes
  3098 | D:4      | Reached XP level 6. HP: 47/47 MP: 7/7
  3129 | D:4      | Found a sand-covered staircase.
  3136 | Ossuary  | Entered an ossuary
  3719 | D:4      | Found a staircase to the Ecumenical Temple.
  3751 | D:4      | Found Jerphixush's General Store.
  3763 | D:4      | Bought a wand of paralysis (13) for 210 gold pieces
  3772 | D:4      | Reached skill level 3 in Dodging
  3966 | D:4      | Noticed Grinder
  3974 | D:4      | Killed Grinder
  3974 | D:4      | Reached skill level 3 in Fighting
  3974 | D:4      | Reached skill level 3 in Armour
  3974 | D:4      | Reached XP level 7. HP: 39/57 MP: 8/8
  4073 | D:4      | Found a shadowy altar of Dithmenos.
  4524 | D:3      | Gained mutation: You are weak. (Str -2) [Ru sacrifice]
  4623 | D:3      | Noticed Jessica
  4630 | D:3      | Killed Jessica
  4762 | D:5      | Killed Eustachio
  4853 | D:5      | Reached skill level 1 in Evocations
  4853 | D:5      | Reached XP level 8. HP: 40/66 MP: 9/9
  5166 | D:5      | Noticed varam's ghost (amateur TrMo)
  5739 | D:5      | Noticed Duvessa
  5741 | D:5      | Noticed Dowan
  5751 | D:5      | Killed Duvessa
  5767 | D:5      | Killed Dowan
  5767 | D:5      | Reached skill level 3 in Evocations
  6065 | D:5      | Found Careocw's Jewellery Shop.
  6268 | D:5      | Killed varam's ghost
  6503 | D:6      | Got a sparkling tin ring
  7064 | D:6      | Found an iron altar of Okawaru.
  7620 | D:7      | Found Zemmip's Magic Scroll Shop.
  7624 | D:7      | Bought a scroll of teleportation for 39 gold pieces
  7624 | D:7      | Bought a scroll of blinking for 97 gold pieces
  7624 | D:7      | Bought 2 scrolls of identify for 52 gold pieces
  7625 | D:7      | Identified the ring "Gukhikka" {Str+5 Int-2 Dex-5 Slay+5 SInv} (You took it off an orc on level 6 of the Dungeon)
  7665 | D:7      | Noticed Prince Ribbit
  7670 | D:7      | Killed Prince Ribbit
  7670 | D:7      | Reached XP level 9. HP: 56/74 MP: 11/11
  7861 | D:7      | Noticed a two-headed ogre
  8046 | D:7      | Killed a two-headed ogre
  8046 | D:7      | Reached skill level 6 in Fighting
  8046 | D:7      | Reached skill level 6 in Armour
  8046 | D:7      | Reached skill level 6 in Dodging
  8371 | D:7      | Gained mutation: You cannot read scrolls while threatened. [Ru sacrifice]
  8371 | D:7      | Reached * piety under Ru
  8371 | D:7      | Reached ** piety under Ru
  8377 | D:7      | Noticed a two-headed ogre
  8451 | D:7      | Slain by a two-headed ogre

Vault maps used:
D:1:      minmay_arrival_wavy_path
D:2:      dancing_weapons_uskayaw, minmay_cupped, uniq_sigmund, uniq_robin
D:3:      kennysheep_jessica_study
D:4:      chequers_temple_overflow_minitemple, nicolae_dithmenos_shadow_blocks,
          temple_green, serial_shops, shop, chequers_ossuary_entry_cave,
          uniq_grinder
D:5:      lemuel_round_altar, serial_shops, shop, first_ration, uniq_eustachio,
          uniq_ijyb, uniq_duvessa
D:6:      okawaru_metal_pillars_1_2, dk_noncrumbling_2
D:7:      serial_shops, nicolae_shop_stone, grunt_ogre_cave, uniq_prince_ribbit1
Ossuary:  ossuary_crypta

Skill      XL: |  1  2  3  4  5  6  7  8  9 |
---------------+----------------------------+-----
Armour         | 1 3 4 5 7 |  7.2
Fighting       | 1 3 4 5 7 |  7.2
Axes           | 1 3 4 6 7 |  7.6
Dodging        | 3 4 5 7 |  7.0
Evocations     | 1 5 |  5.0
Stealth        | |  1.5
Spellcasting   | |  1.3
Transmutations | |  0.7
Earth Magic    | |  2.4

Action                   |  1- 3 |  4- 6 |  7- 9 || total
-------------------------+-------+-------+-------++-------
Melee: Dagger            |    14 |       |       ||    14
       Mace              |    23 |       |       ||    23
       Hand axe          |    16 |       |       ||    16
       Headbutt          |     6 |    16 |    37 ||    59
       Whip              |     8 |   134 |   200 ||   342
       Spear             |       |       |    13 ||    13
Throw: Stone             |     5 |     6 |       ||    11
       Javelin           |       |       |    10 ||    10
 Cast: Sandblast         |    17 |     6 |       ||    23
Invok: Sacrifice Purity  |       |       |     1 ||     1
       Sacrifice Words   |       |       |     1 ||     1
Evoke: Wand              |       |    15 |     7 ||    22
  Use: Scroll            |       |    18 |     3 ||    21
 Stab: Paralysed         |       |     3 |     8 ||    11
  Eat: Chunk             |     3 |     4 |     7 ||    14
       Ration            |       |     1 |     2 ||     3
Armor: Robe              |     5 |       |       ||     5
       Ring mail         |    21 |    25 |    44 ||    90
Dodge: Dodged            |    42 |    61 |   118 ||   221

Table legend:
 A = Spawn XP
 B = Non-spawn XP
 C = Spawn XP percentage of total XP
 D = Spawn monster count
 E = Non-spawn monster count
 F = Spawn count percentage of total count
 G = Total turns spent on level
                    A         B        C        D         E        F      G
               +---------+---------+-------+---------+---------+-------+---------
         Total |       0 |    4659 |   0.0 |       0 |     138 |   0.0 |  8451
               +---------+---------+-------+---------+---------+-------+---------
           D:1 |       0 |      18 |   0.0 |       0 |      11 |   0.0 |   905
           D:2 |       0 |     119 |   0.0 |       0 |      36 |   0.0 |  1119
           D:3 |       0 |      64 |   0.0 |       0 |      13 |   0.0 |   488
           D:4 |       0 |     609 |   0.0 |       0 |      16 |   0.0 |  1533
           D:5 |       0 |    1190 |   0.0 |       0 |      19 |   0.0 |  1463
           D:6 |       0 |     493 |   0.0 |       0 |      13 |   0.0 |  1550
           D:7 |       0 |    2044 |   0.0 |       0 |      19 |   0.0 |   840
       Ossuary |       0 |     122 |   0.0 |       0 |      11 |   0.0 |   553
               +---------+---------+-------+---------+---------+-------+---------
